 Dungeon Crawl Stone Soup version 0.30-a0-778-g2ef04afb54 (webtiles) character file.

Game seed: 11057863013091353780

161 Orangeyouglad the Insei (level 5, -2/32 HPs)
             Began as a Vampire Gladiator on Feb 16, 2023.
             Slain by a bullfrog (5 damage)
             ... in a sewer.
             The game lasted 00:07:19 (2302 turns).

Orangeyouglad the Insei (Vampire Gladiator)         Turns: 2302, Time: 00:07:20

Health: -2/32      AC:  4    Str: 15    XL:     5   Next: 18%
Magic:  5/5        EV: 13    Int: 10    God:
Gold:   211        SH:  0    Dex: 16    Spells: 4/4 levels left

rFire   . . .      SeeInvis +      - Unarmed
rCold   + + .      Faith    .    (no shield)
rNeg    + + +      Spirit   .    a - +0 leather armour
rPois   ∞          Reflect  .    b - +0 helmet
rElec   .          Harm     .    (no cloak)
rCorr   .          Rampage  .    (no gloves)
Will    .....                    (no boots)
Stlth   ++                       (no amulet)
HPRegen 0.00/turn                (no ring)
MPRegen 0.09/turn                (no ring)

@: bloodless, inhibited regen, very slow
A: bloodless, fangs 3, see invisible, vampiric 2
a: Bat Form, Revivify


You were in a sewer.
You visited 1 branch of the dungeon, and saw 3 of its levels.
You also visited: Sewer.

You collected 211 gold pieces.

Inventory:

Missiles
 c - 3 throwing nets
 d - a javelin
 l - a boomerang (quivered)
Armour
 a - a +0 leather armour (worn)
 b - a +0 helmet (worn)
 g - a +0 buckler
Jewellery
 f - an amulet of faith
 r - an amulet of magic regeneration
Scrolls
 i - a scroll of silence
 j - a scroll of immolation
 n - a scroll of amnesia {unknown}
 o - a scroll of enchant weapon {unknown}
 p - 2 scrolls of enchant armour {unknown}
 t - 3 scrolls of poison {unknown}
 v - a scroll of teleportation {unknown}
Potions
 e - a potion of heal wounds {unknown}
 h - a potion of mutation {unknown}
 k - a potion of haste {unknown}
 m - a potion of cancellation {unknown}
 q - a potion of berserk rage {unknown}
 s - a potion of might {unknown}
 u - a potion of lignification {unknown}


   Skills:
 + Level 2.9 Fighting
 - Level 1.5 Throwing
 + Level 4.3 Dodging
 + Level 3.7 Stealth
 + Level 4.3 Unarmed Combat


You had 4 spell levels left.
You didn't know any spells.
Your spell library contained the following spells:

 Spells                   Type           Power      Damage    Failure   Level
 Freeze                   Ice            0%         1d3       43%         1
 Sandblast                Erth           0%         2d4       43%         1
 Passwall                 Tmut/Erth      0%         N/A       56%         2
 Frozen Ramparts          Ice            0%         1d1       80%         3
 Hailstorm                Conj/Ice       0%         3d3       80%         3
 Stone Arrow              Conj/Erth      0%         3d7       80%         3


Dungeon Overview and Level Annotations

Branches:
Dungeon (3/15)              Sewer (1/1)

Altars:


Innate Abilities, Weirdness & Mutations

You do not regenerate when monsters are visible.
You are frail without blood (-20% HP).
You can heal yourself when you bite living creatures.
You are immune to poison.
You have razor-sharp teeth.
You have supernaturally acute eyesight. (SInv)
You are afflicted with vampirism and can become a bat while bloodless.


Message History

Aim: a bullfrog (water, asleep, 98% to hit)
Okay, then.
Throw: boomerang
Press: ? - help, Q - select action, (/) - cycle Shift-Dir - straight line, f - bullfrog
Aim: a bullfrog (water, asleep, 98% to hit)
You throw a boomerang. The boomerang hits the bullfrog!
The bullfrog is moderately wounded.
The bullfrog croaks.
Throw: boomerang
Press: ? - help, Q - select action, (/) - cycle Shift-Dir - straight line, f/p - bullfrog
Aim: a bullfrog (moderately wounded, 53% to hit)
You throw a boomerang. The boomerang misses the bullfrog.
You closely miss the bullfrog.
The bullfrog is moderately wounded.
The bullfrog closely misses you.
You barely miss the bullfrog.
The bullfrog is moderately wounded.
The bullfrog closely misses you. The bullfrog hits you. x2
The bullfrog hits you but does no damage.
You hit the bullfrog.
The bullfrog is moderately wounded.
The bullfrog hits you but does no damage. x2
You enter the shallow water.
Moving in this stuff is going to be slow.
The bullfrog hits you.
The bullfrog hits you but does no damage.
The bullfrog attacks as you move away!
The bullfrog hits you but does no damage.
The bullfrog hits you! The bullfrog attacks as you move away!
The bullfrog hits you.
The bullfrog hits you but does no damage.
The bullfrog hits you!
* * * LOW HITPOINT WARNING * * *
The bullfrog hits you but does no damage. x2
The bullfrog attacks as you move away! The bullfrog hits you.
* * * LOW HITPOINT WARNING * * *
You enter the shallow water.
Moving in this stuff is going to be slow.
The bullfrog hits you.
You die...

############# #####.~.†~~~~~~~#
###.∩..~~.†~~~~.~.#
#....~#########~~~#
#∩~.####~.~~.~.~.~~####
#####~~†~#####~~~.~#~~##
##.~~~.~.#~∩~#######~†~####
##.~~~~####~~.†~@F.#~~.....##
#~~~.###..~~~~†~.F~##~~#.~.~##
~~.~##.~.~~#######~~#~~##.~~.#
.~~##~~~~###≈≈~~~#~~##~~##~~~##
~~.#~~~~## ≈~~~†~..~~#†~.#~~~~#
~.##~~~## ..~~~~.~~~#~~†##~~~##
~.#~~~~# ~.~.~$~~~~#~†~~#.~~.#
.†#~~~~# ~~~.[$?.~~#~~~~#~~.∩#
~~#~~~~# ~~.[!(.~~≈#~~.~#.~~.#


You could see 2 bullfrogs.

Vanquished Creatures
  6 adders
  A worm (D:2)
  4 orcs (D:3)
  6 ball pythons
  13 endoplasms
  6 giant cockroaches
  9 goblins
  6 hobgoblins
  4 jackals (D:2)
  5 kobolds
  16 quokkas
  3 bats
  5 frilled lizards
  4 rats
88 creatures vanquished.

Notes
Turn   | Place    | Note
-------+----------+-------------------------------------------
     0 | D:1      | Orangeyouglad the Vampire Gladiator began the quest for the
                  | Orb.
     0 | D:1      | Reached XP level 1. HP: 16/16 MP: 1/1
   147 | D:1      | Reached skill level 1 in Stealth
   162 | D:1      | Reached XP level 2. HP: 22/22 MP: 2/2
   854 | D:1      | Gained mutation: You are afflicted with vampirism and can
                  | become a bat while bloodless. [Vampire growth]
   854 | D:1      | Reached XP level 3. HP: 20/27 MP: 3/3
  1058 | D:2      | Found a faded altar of an unknown god.
  1371 | D:2      | Reached XP level 4. HP: 23/34 MP: 4/4
  1844 | D:3      | Found a glowing drain.
  1888 | Sewer    | Entered a sewer
  2129 | Sewer    | Reached XP level 5. HP: 32/32 MP: 5/5
  2302 | Sewer    | Slain by a bullfrog

Illustrated notes

Levels and vault maps discovered:
D:1:      dpeg_arrival_more_subterranean_lakeside_camping, layout_loops_ring
D:2:      layout_loops_cross, hellmonk_ecumenical_altar_zigzags
D:3:      layout_basic, gup_sewer_entry_glass, minmay_vboxes, uniq_ijyb
Sewer:    sewer_frog_island_02

Skill      XL: |  1  2  3  4 |
---------------+-------------+-----
Stealth        | 1 2 3 |  3.7
Fighting       | 2 |  2.9
Unarmed Combat | 4 |  4.3
Dodging        | 4 |  4.3
Throwing       | |  1.5

Action                     |  1- 3 |  4- 6 || total
---------------------------+-------+-------++-------
  Melee: Unarmed           |   147 |    83 ||   230
         Bite              |     7 |     5 ||    12
         Punch             |     3 |     4 ||     7
  Throw: Boomerang         |    30 |    55 ||    85
         Javelin           |     2 |       ||     2
Ability: Exsanguinate      |       |     1 ||     1
    Use: Scroll            |       |     2 ||     2
   Stab: Sleeping          |     3 |     2 ||     5
 Armour: Leather armour    |    38 |    24 ||    62
  Dodge: Dodged            |    89 |    51 ||   140

Table legend: (Time is in decaauts)
 A = Elapsed time spent in this place.
 B = Non-inter-level travel time spent in this place.
 C = Inter-level travel time spent in this place.
 D = Time resting spent in this place.
 E = Time spent auto-exploring this place.
 F = Levels seen in this place.
 G = Mean time per level.
                   A        B        C        D        E       F      G
               +--------+--------+--------+--------+--------+-----+--------+
         Total |   2363 |   2291 |     72 |    112 |   1252 |   4 |  590.8 |
       Dungeon |   1887 |   1815 |     72 |      0 |   1252 |   3 |  629.0 |
         Sewer |    476 |    476 |      0 |    112 |      0 |   1 |  476.0 |
               +--------+--------+--------+--------+--------+-----+--------+

Top non-repeatable levels by time:
     D:1: 877 daAuts
     D:2: 860 daAuts
   Sewer: 476 daAuts
     D:3: 149 daAuts
